 Dungeon Crawl Stone Soup version 0.30.1-1-g62c8e00024 (webtiles) character file.

Game seed: 14426063900190909182

655 javelincjr the Chopper (level 7, -9/63 HPs)
             Began as a Hill Orc Berserker on July 17, 2023.
             Was a Priest of Trog.
             Mangled by an iguana (15 damage)
             ... on level 5 of the Dungeon.
             The game lasted 00:15:58 (5040 turns).

javelincjr the Chopper (Hill Orc Berserker)         Turns: 5040, Time: 00:15:58

Health: -9/63      AC: -5    Str: 23    XL:     7   Next: 54%
Magic:  16/16      EV: 12    Int:  7    God:    Trog [***...]
Gold:   204        SH:  0    Dex: 12    Spells: 6/6 levels left

rFire   . . .        L - +0 war axe
rCold   . . .        (no shield)
rNeg    . . .        t - +0 leather armour {rPois}
rPois   +            (no helmet)
rElec   .            z - +0 cloak
rCorr   .            (no gloves)
SInv    .            A - +0 pair of boots of the Abyss {Harm Str+3 Stlth-}
Will    +++..        (no amulet) Stlth
                     p - ring of willpower
HPRegen 1.30/turn    J - ring of magical power
MPRegen 0.15/turn

%: harm (+30% outgoing, +20% incoming)
@: strong-willed, corroded, on berserk cooldown, regenerating, slowed, very slow
A: no striking features
a: Renounce Religion, Berserk, Trog's Hand


You were on level 5 of the Dungeon.
You worshipped Trog.
Trog was most pleased with you.
You visited 1 branch of the dungeon, and saw 5 of its levels.
You also visited: Sewer.

You collected 204 gold pieces.

Inventory:

Hand Weapons
 a - a +0 hand axe
 r - a +2 dagger of venom
 y - a +2 dagger of protection
 L - a +0 war axe (weapon)
Missiles
 n - a curare-tipped dart (quivered)
 D - 4 poisoned darts
 F - 21 stones
Armour
 b - a +0 animal skin
 d - a +0 leather armour
 t - a +0 leather armour of poison resistance (worn)
 u - a +0 pair of boots
 w - a +0 chain mail
 z - a +0 cloak (worn)
 A - the +0 pair of boots of the Abyss (worn) {Harm Str+3 Stlth-}
   (You found it on level 3 of the Dungeon)

   Str:       It affects your strength (+3).
   Harm:      It increases damage dealt and taken.
   Stlth:     It makes you less stealthy.
 M - a +0 plate armour
Jewellery
 p - a ring of willpower (left hand)
 J - a ring of magical power (right hand)
Wands
 I - a wand of flame (26)
Scrolls
 c - 6 scrolls of teleportation {unknown}
 f - 2 scrolls of enchant armour {unknown}
 g - a scroll of acquirement {unknown}
 i - 2 scrolls of magic mapping {unknown}
 l - 3 scrolls of noise {unknown}
 m - 4 scrolls of identify
 o - a scroll of amnesia {unknown}
 q - a scroll of brand weapon {unknown}
 v - 2 scrolls of blinking {unknown}
 B - a scroll of fog {unknown}
 C - a scroll of vulnerability {unknown}
 G - a scroll of butterflies {unknown}
 K - a scroll of poison {unknown}
Potions
 e - 2 potions of attraction
 h - 6 potions of brilliance
 j - a potion of might
 k - a potion of magic
 s - a potion of invisibility {unknown}
 x - 2 potions of heal wounds {unknown}
 E - a potion of mutation {unknown}
 H - 2 potions of curing {unknown}


   Skills:
 + Level 6.0 Fighting
 + Level 6.5 Axes
 + Level 4.8 Armour
 + Level 3.6 Dodging


You had 6 spell levels left.
You didn't know any spells.
Your spell library was empty.

Dungeon Overview and Level Annotations

Branches:
Dungeon (5/15)              Sewer (visited)
 Temple: D:4-7

Altars:

Shops:
D:1 :


Message History

The jelly completely misses you. The jelly hits you. The acid corrodes you!
You are splashed with acid!
* * * LOW HITPOINT WARNING * * *
You are too injured to fight recklessly!
You are too injured to fight recklessly!
You are too injured to fight recklessly!
You are too injured to fight recklessly!
You are too injured to fight recklessly!
Your skin crawls.
You feel strong-willed. The jelly barely misses you.
A red film seems to cover your vision as you go berserk!
You feel yourself moving faster!
You feel mighty! The jelly hits you.
You are splashed with acid!
* * * LOW HITPOINT WARNING * * *
You hit the jelly.
Your hands burn!
* * * LOW HITPOINT WARNING * * *
The jelly is lightly wounded.
You slash the jelly!
You kill the jelly!
Trog accepts your kill.
Your Fighting skill increases to level 6!
Found a falchion.
Found a scroll of identify.
You feel a strong urge to attack something.
You feel your anger nearly subside.
You are no longer berserk.
You are exhausted.
You feel yourself slow down.
You see here a +0 plate armour.
M - a +0 plate armour An iguana comes into view.
The iguana hisses angrily.
The iguana bites you!
* * * LOW HITPOINT WARNING * * *
The iguana bites you!
* * * LOW HITPOINT WARNING * * *
You hit the iguana.
The iguana is lightly wounded.
The iguana bites you!
You die...

##...........#.#
...........#...#
......>......#...#
.............#...####
.............#.......
..................# #
............#..#..#.###
......................#
................@l....#
..................?...#
.#.#..................#
........##.....##.#.###
........######## .#.#
........# ## #
........### ....###....
##.####.#####


You could see an iguana.

Vanquished Creatures
  A black bear (D:4)
  2 kobold brigands (Sewer)
  A howler monkey (D:5)
  A jelly (D:5)
  An orc priest (D:5)
  4 iguanas
  A sleepcap (D:4)
  9 adders
  2 river rats
  A shadow imp (D:5)
  4 worms (Sewer)
  A dart slug (D:5)
  7 orcs
  8 endoplasms
  3 giant cockroaches
  2 goblins
  7 hobgoblins
  9 kobolds
  3 quokkas
  8 ball pythons
  4 bats
  3 frilled lizards
  7 rats
89 creatures vanquished.

Notes
Turn   | Place    | Note
-------+----------+-------------------------------------------
     0 | D:1      | javelincjr the Hill Orc Berserker began the quest for the
                  | Orb.
     0 | D:1      | Reached XP level 1. HP: 19/19 MP: 1/1
   282 | D:1      | Reached XP level 2. HP: 20/27 MP: 2/2
   582 | D:1      | Found a faded altar of an unknown god.
   642 | D:1      | Found Ahegid's Book Emporium.
  1439 | D:2      | Reached XP level 3. HP: 33/33 MP: 3/3
  1564 | D:2      | Reached ** piety under Trog
  2270 | D:3      | Identified the +0 pair of boots of the Abyss {Harm Str+3
                  | Stlth-}
  2320 | D:3      | Reached XP level 4. HP: 40/40 MP: 4/4
  2390 | D:3      | Found a glowing drain.
  2394 | Sewer    | Entered a sewer
  2420 | Sewer    | Noticed a kobold brigand
  2452 | Sewer    | Killed a kobold brigand
  2453 | Sewer    | Reached skill level 5 in Axes
  2453 | Sewer    | Reached XP level 5. HP: 29/47 MP: 5/5
  2877 | Sewer    | Noticed a kobold brigand
  2893 | Sewer    | Killed a kobold brigand
  2894 | Sewer    | Reached skill level 5 in Fighting
  2894 | Sewer    | Reached XP level 6. HP: 52/56 MP: 6/6
  3849 | D:4      | Noticed a black bear
  3857 | D:4      | Killed a black bear
  4480 | D:4      | Reached XP level 7. HP: 43/61 MP: 7/7
  4636 | D:4      | Reached *** piety under Trog
  4852 | D:5      | Entered Level 5 of the Dungeon
  5039 | D:5      | HP: 3/63 [iguana (15)]
  5040 | D:5      | Mangled by an iguana

Illustrated notes

Levels and vault maps discovered:
D:1:      lightli_arrival_isolated_outpost, layout_basic,
          hellmonk_ecumenical_altar_heavens_door, serial_shops,
          nicolae_shop_hallway_plus, minivault_4
D:2:      layout_basic
D:3:      layout_basic, gup_sewer_entry_spiral
D:4:      layout_loops_corners
D:5:      layout_basic, grunt_dithmenos_smoke_and_mirrors, vehumet_altar_wand_db

Skill      XL: |  1  2  3  4  5  6  7 |
---------------+----------------------+-----
Fighting       | 4 5 6 |  6.0
Dodging        | 2 3 |  3.6
Armour         | 3 4 |  4.8
Axes           | 5 6 |  6.5

Action                     |  1- 3 |  4- 6 |  7- 9 || total
---------------------------+-------+-------+-------++-------
  Melee: Hand axe          |   111 |   220 |    37 ||   368
         Punch             |     2 |     3 |     1 ||     6
         War axe           |       |       |    17 ||    17
  Throw: Stone             |       |     4 |       ||     4
         Dart              |       |     5 |       ||     5
 Invoke: Trog's Hand       |       |     2 |     1 ||     3
         Berserk           |       |       |     1 ||     1
    Use: Scroll            |       |     5 |       ||     5
         Potion            |       |     1 |       ||     1
 Armour: Leather armour    |    32 |    41 |    15 ||    88
         Animal skin       |     2 |       |       ||     2
  Dodge: Dodged            |    78 |    99 |    30 ||   207
